 Dungeon Crawl Stone Soup version 0.31.0-11-ge490571c62 (webtiles) character file.

Game seed: 14056461280372173593

123 qw the Skirmisher (level 4, -13/25 HPs)
             Began as a Deep Elf Hunter on Feb 4, 2024.
             Killed from afar by Ijyb (15 damage)
             ... with a bolt of acid
             ... on level 3 of the Dungeon.
             The game lasted 00:00:09 (2313 turns).

qw the Skirmisher (Deep Elf Hunter)                 Turns: 2313, Time: 00:00:09

Health: -13/25     AC:  2    Str:  7 (10) XL:     4   Next: 79%
Magic:  6/6        EV: 10    Int: 13 (14) God:
Gold:   112        SH:  0    Dex: 15 (18) Spells: 3/3 levels left

rFire   . . .        a - +0 shortbow
rCold   . . .        (shield currently unavailable)
rNeg    . . .        d - +0 ring mail
rPois   .            (no helmet)
rElec   .            (no cloak)
rCorr   .            (no gloves)
SInv    .            g - +0 pair of boots
Will    .....        (no amulet)
Stlth   +            (no ring)
HPRegen 0.24/turn    (no ring)
MPRegen 0.10/turn

%: no passive effects
@: corroded
A: no striking features
a: no special abilities


You were on level 3 of the Dungeon.
You visited 1 branch of the dungeon, and saw 3 of its levels.

You collected 112 gold pieces.


   Skills:
 - Level 1.5 Fighting
 + Level 8.2 Ranged Weapons
 - Level 2.4 Dodging
 - Level 1.2 Stealth


You had 3 spell levels left.
You didn't know any spells.
Your spell library was empty.

Inventory:

Hand Weapons
 a - a +0 shortbow (weapon)
Armour
 d - a +0 ring mail (worn)
 g - a +0 pair of boots (worn)
Potions
 b - a potion of might {unknown}
 h - a potion of mutation {unknown}
 j - a potion of brilliance {unknown}

Dungeon Overview and Level Annotations

Branches:
Dungeon (3/15)

Altars:

Annotations:
D:3 Ijyb


Message History

An endoplasm comes into view.
You shoot an arrow. The arrow hits the endoplasm.
The endoplasm is heavily wounded.
You shoot an arrow. The arrow hits the endoplasm.
The endoplasm is almost dead.
Ijyb zaps a wand.
The bolt of acid hits you!
You shoot an arrow. The arrow hits the endoplasm.
You kill the endoplasm!
You shoot an arrow. The arrow hits Ijyb.
Ijyb is moderately wounded.
You shoot an arrow. The arrow hits Ijyb but does no damage.
Ijyb is moderately wounded.
Ijyb hits you with a +0 club.
You shoot an arrow. The arrow barely misses Ijyb.
Ijyb hits you with a +0 club.
You shoot an arrow. The arrow hits Ijyb.
Ijyb is moderately wounded.
Ijyb barely misses you.
You shoot an arrow. The arrow barely misses Ijyb.
Ijyb zaps a wand.
The bolt of acid misses you.
Ijyb zaps a wand.
The bolt of acid misses you.
You shoot an arrow. The arrow hits Ijyb.
Ijyb is heavily wounded.
Ijyb barely misses you.
You shoot an arrow. The arrow hits Ijyb.
Ijyb is severely wounded.
Ijyb zaps a wand.
The bolt of acid hits you! The acid corrodes you!
You shoot an arrow. The arrow hits Ijyb but does no damage.
Ijyb is severely wounded.
Ijyb misses you.
You shoot an arrow. The arrow hits Ijyb but does no damage.
Ijyb is severely wounded.
Ijyb misses you.
You shoot an arrow. The arrow hits Ijyb.
Ijyb is severely wounded.
Ijyb closely misses you. Ijyb hits you but does no damage.
You shoot an arrow. The arrow closely misses Ijyb.
Ijyb zaps a wand.
The bolt of acid hits you!
Ouch! That really hurt!
You die...

##......##
##......# ##
###...... ..
###......#+ #
#. ###......###
#.##.
###......###
...#+#......###
#.#......###
#g@....###
.......#..###
.##########


You could see Ijyb.

Vanquished Creatures
  4 adders
  4 dart slugs (D:2)
  A ribbon worm (D:3)
  4 ball pythons
  10 endoplasms
  2 giant cockroaches
  5 goblins
  12 hobgoblins
  2 jackals (D:1)
  4 kobolds
  4 quokkas
  8 bats
  3 frilled lizards
  6 rats
69 creatures vanquished.

Notes
Turn   | Place    | Note
-------+----------+-------------------------------------------
     0 | D:1      | qw the Deep Elf Hunter began the quest for the Orb.
     0 | D:1      | Reached XP level 1. HP: 12/12 MP: 3/3
     0 | D:1      | 0 ||| qw: Version: 0.3-a-160-g6735b56
     0 | D:1      | 0 ||| qw: Game counter: 5489
     0 | D:1      | 0 ||| qw: Melee chars always use a shield: true
     0 | D:1      | 0 ||| qw: God list: Okawaru
     0 | D:1      | 0 ||| qw: Allow faded altars: false
     0 | D:1      | 0 ||| qw: Do Orc after clearing Dungeon:15 true
     0 | D:1      | 0 ||| qw: Do second Lair branch before Depths: true
     0 | D:1      | 0 ||| qw: Lair rune preference: random
     0 | D:1      | 0 ||| qw: Goals: Normal
     0 | D:1      | 0 ||| PLANNING D:1-11
   196 | D:1      | Reached skill level 6 in Ranged Weapons
   196 | D:1      | Reached XP level 2. HP: 16/16 MP: 4/4
   381 | D:1      | Reached XP level 3. HP: 20/20 MP: 5/5
   543 | D:1      | Found a faded altar of an unknown god.
  1004 | D:1      | 1004 ||| UPGRADING to +0 pair of boots.
  1009 | D:1      | 1009 ||| READING scroll labelled NUUFOF TITIL.
  1010 | D:1      | 1010 ||| READING scroll labelled GIEFEIMM DAVU.
  1011 | D:1      | 1011 ||| READING scroll labelled YNIKOL IDAHU.
  1012 | D:1      | 1012 ||| READING scroll labelled TUDYMUI YFRAQA.
  1051 | D:1      | 1051 ||| READING scroll labelled MIHUOS BONKACS.
  1051 | D:1      | 1051 ||| IDENTIFYING sapphire potion
  1052 | D:1      | 1052 ||| DROPPING scroll of butterflies.
  1053 | D:1      | 1053 ||| DROPPING potion of attraction.
  1277 | D:2      | Reached skill level 7 in Ranged Weapons
  1555 | D:2      | Reached XP level 4. HP: 25/25 MP: 6/6
  1658 | D:2      | You fall into a shaft and drop 1 floor!
  1659 | D:3      | 1659 ||| UPGRADING to +0 ring mail.
  1669 | D:3      | 1669 ||| DROPPING +0 leather armour.
  1670 | D:3      | 1670 ||| READING scroll labelled USSUUS EGUFF.
  1671 | D:3      | 1671 ||| DRINKING 3 white potions.
  1672 | D:3      | 1672 ||| DROPPING 2 potions of degeneration.
  1674 | D:3      | 1674 ||| Stepping ~*~*~tactically~*~*~ (cloud).
  1970 | D:3      | Reached skill level 8 in Ranged Weapons
  2298 | D:3      | Noticed Ijyb
  2309 | D:3      | HP: 1/25 [Ijyb/bolt of acid (10)]
  2313 | D:3      | Killed from afar by Ijyb

Levels and vault maps discovered:
D:1:      dpeg_arrival_fog, layout_basic, shapermc_ecumenical_altar_mp_vishouse,
          minmay_3d_cube
D:2:      layout_basic
D:3:      minmay_razor_zed, layout_loops_ring, uniq_ijyb

Skill      XL: |  1  2  3  4 |
---------------+-------------+-----
Ranged Weapons | 6 7 8 |  8.2
Fighting       | |  1.5
Dodging        | |  2.4
Stealth        | |  1.2

Action                     |  1- 3 |  4- 6 || total
---------------------------+-------+-------++-------
   Fire: Shortbow          |   118 |    98 ||   216
    Use: Scroll            |     5 |     1 ||     6
         Potion            |       |     1 ||     1
 Armour: Leather armour    |    18 |     4 ||    22
         Ring mail         |       |    22 ||    22
  Dodge: Dodged            |    15 |    31 ||    46

Table legend:
 A = Non-vault XP
 B = Vault XP
 C = Vault XP percentage of total XP
 D = Non-vault monster count
 E = Vault monster count
 F = Vault count percentage of total count
                 A         B        C        D         E       F
            +---------+---------+-------+---------+---------+-------
      Total |     171 |       5 |   2.8 |      65 |       4 |   5.8
            +---------+---------+-------+---------+---------+-------
        D:1 |      53 |       1 |   1.9 |      29 |       1 |   3.3
        D:2 |      75 |       0 |   0.0 |      26 |       0 |   0.0
        D:3 |      43 |       4 |   8.5 |      10 |       3 |  23.1
            +---------+---------+-------+---------+---------+-------
